 Dungeon Crawl Stone Soup version 0.29.1-15-g9cfb28693d (webtiles) character file.

Game seed: 11931208028107189938

1106 booth the Chopper (level 8, -3/61 HPs)
             Began as a Demonspawn Gladiator on Mar 16, 2023.
             Was an Initiate of Gozag.
             Slain by a gnoll
             ... wielding a +2 halberd of freezing
              (11 damage)
             ... on level 5 of the Dungeon.
             The game lasted 00:38:45 (7745 turns).

booth the Chopper (Demonspawn Gladiator)            Turns: 7745, Time: 00:38:46

Health: -3/61      AC:  8    Str: 22    XL:     8   Next: 11%
Magic:  8/8        EV: 13    Int:  8    God:    Gozag
Gold:   449        SH:  0    Dex: 13    Spells: 7/7 levels left

rFire   . . .      SeeInvis .   a - +1 war axe (venom)
rCold   . . .      Faith    .   (no shield)
rNeg    . . .      Spirit   .   b - +1 leather armour
rPois   .          Reflect  .   c - +0 helmet
rElec   +          Harm     .   h - +2 cloak
rCorr   .          Rampage  .   (no gloves)
Will    .....                   (no boots)
Stlth   +.........              (no amulet)
HPRegen 0.20/turn               (no ring)
MPRegen 0.11/turn               (no ring)

@: mighty, gold aura, studying Axes
A: demonic guardian 1, foul stench 1, sturdy frame 2, mutation resistance 1,
electricity resistance, strong 1
a: Renounce Religion, Potion Petition, Call Merchant, Bribe Branch


You were on level 5 of the Dungeon.
You worshipped Gozag.
Gozag was aware of your devotion.
You visited 1 branch of the dungeon, and saw 6 of its levels.

You collected 516 gold pieces.
You paid 67 gold pieces to Gozag.

Inventory:

Hand Weapons
 a - a +1 war axe of venom (weapon)
Missiles
 d - 5 throwing nets
 e - a javelin
 p - 8 boomerangs (quivered)
 v - 11 poisoned darts
 w - 5 curare-tipped darts
 C - a boomerang of dispersal
 F - 2 silver boomerangs
Armour
 b - a +1 leather armour (worn)
 c - a +0 helmet (worn)
 h - a +2 cloak (worn)
 u - the +4 scale mail "Jallin" {Dex+4}
   (You found it on level 5 of the Dungeon)

   Dex:       It affects your dexterity (+4).
 z - a +0 ring mail of willpower
Jewellery
 n - a ring of protection from cold
 t - an amulet of the acrobat
Scrolls
 j - a scroll of immolation
 k - 2 scrolls of poison
 s - a scroll of fear
 A - a scroll of silence {unknown}
 B - a scroll of vulnerability {unknown}
Potions
 f - 2 potions of flight
 g - 2 potions of curing
 i - a potion of brilliance
 l - 3 potions of lignification
 m - a potion of mutation
 q - a potion of heal wounds
 r - a potion of haste
 x - 2 potions of attraction {unknown}
 D - a potion of ambrosia {unknown}


   Skills:
 + Level 4.8 Fighting
 * Level 7.8 Axes
 + Level 4.2 Throwing
 + Level 0.1 Armour
 + Level 4.8 Dodging


You had 7 spell levels left.
You didn't know any spells.
Your spell library contained the following spells:

 Spells                   Type           Power      Damage    Failure   Level
 Magic Dart               Conj           0%         1d3       41%         1
 Necrotise                Necr           0%         1d4       41%         1
 Blink                    Tloc           0%         N/A       54%         2
 Poisonous Vapours        Pois/Air       0%         N/A       54%         2
 Searing Ray              Conj           0%         2d4       54%         2
 Vampiric Draining        Necr           0%         2d6       78%         3
 Fulminant Prism          Conj/Hex       0%         3d6       99%         4
 Agony                    Necr           0%         N/A       100%        5
 Manifold Assault         Tloc           0%         N/A       100%        5
 Storm Form               Tmut/Air       0%         N/A       100%        7
 Corpse Rot               Necr/Pois/Air  Unusable   N/A       N/A         4

Dungeon Overview and Level Annotations

Branches:
Dungeon (6/15)             Temple (0/1) D:5

Altars:
Ashenzari
Fedhas
Gozag
Makhleb
Nemelex Xobeh
Trog
Uskayaw
Yredelemnul


Innate Abilities, Weirdness & Mutations

A weak demonic guardian rushes to your aid.
You may rarely emit foul miasma when damaged in melee.
Your movements are less encumbered by armour. (ER -4)
You are somewhat resistant to further mutation.
You are resistant to electric shocks. (rElec)
Your muscles are strong. (Str +4, Int/Dex -1)


Message History

The gnoll is heavily wounded.
The gnoll hits you with a +0 halberd.
A demonic guardian appears!
The gnoll hits you but does no damage.
You slice the gnoll!!
You kill the gnoll!
The gnoll barely misses you.
You closely miss the gnoll. The gnoll completely misses you.
The gnoll hits you with a +0 flail. The gnoll misses you.
You slash the gnoll!
You kill the gnoll!
The gnoll barely misses you. x2; The gnoll misses you.
The gnoll hits you from afar with a +0 spear.
You swap places.
The gnoll hits your white imp with a +2 halberd of freezing.
The gnoll hits your white imp with a +0 spear.
You see here a +0 dagger.
Your white imp hits the gnoll but does no damage.
The gnoll barely misses your white imp.
The gnoll hits your white imp but does no damage.
Your white imp barely misses the gnoll.
The gnoll hits your white imp with a +2 halberd of freezing!
Your white imp dies!
Your white imp disappears in a puff of smoke!
The gnoll hits you from afar with a +2 halberd of freezing!
The gnoll freezes you. The gnoll closely misses you.
You slash the gnoll!
You kill the gnoll!
The gnoll hits you from afar with a +2 halberd of freezing!
The gnoll freezes you.
* * * LOW HITPOINT WARNING * * *
You see here a +0 dagger.
The gnoll hits you with a +2 halberd of freezing.
* * * LOW HITPOINT WARNING * * *
The gnoll freezes you.
* * * LOW HITPOINT WARNING * * *
You slash the gnoll!
The gnoll is poisoned.
The gnoll is severely wounded.
The gnoll hits you with a +2 halberd of freezing!
You die...
Your body crumbles into a pile of gold.

#...#.######...............#
#.....#### #...............#
#........# #.).............#
.........# #.)).#..........#
#........# ###)##..........#
#......### #.##..........#
##>....# #.##..........#
#############.###.#########
.......g@).........#
.......###.........#
.......# #.........#
.......# #.........#
.......# #......>..#
.......# #.........# #######
#.........# #.........#
#.........#


You could see a gnoll (very poisoned).

Vanquished Creatures
  Sigmund (D:5)
  Edmund (D:5)
  2 kobold brigands (D:3)
  2 jellies (D:5)
  3 orc priests (D:5)
  3 iguanas
  2 orc wizards
  7 gnolls
  9 adders
  An ufetubus (D:4)
  2 worms
  2 dart slugs
  19 orcs
  5 bats
  4 endoplasms
  3 giant cockroaches
  6 goblins
  13 hobgoblins
  2 jackals (D:5)
  3 quokkas
  8 ball pythons
  5 frilled lizards
  15 kobolds
  6 rats
124 creatures vanquished.

Vanquished Creatures (collateral kills)
  A phantom (D:4)
  A howler monkey (D:5)
  An orc priest (D:5)
3 creatures vanquished.

Vanquished Creatures (others)
  10 plants (D:1)
10 creatures vanquished.

Grand Total: 137 creatures vanquished

Notes
Turn   | Place    | Note
-------+----------+-------------------------------------------
     0 | D:1      | booth the Demonspawn Gladiator began the quest for the Orb.
     0 | D:1      | Reached XP level 1. HP: 16/16 MP: 1/1
   458 | D:1      | Gained mutation: Your movements are slightly less
                  | encumbered by armour. (ER -2) [demonic ancestry]
   458 | D:1      | Reached XP level 2. HP: 22/22 MP: 2/2
   932 | D:1      | Reached skill level 3 in Axes
  1253 | D:2      | Gained mutation: Your movements are less encumbered by
                  | armour. (ER -4) [demonic ancestry]
  1253 | D:2      | Reached XP level 3. HP: 26/28 MP: 3/3
  1810 | D:2      | Found a faded altar of an unknown god.
  1843 | D:2      | Gained mutation: You may rarely emit foul miasma when
                  | damaged in melee. [demonic ancestry]
  1843 | D:2      | Reached XP level 4. HP: 16/34 MP: 4/4
  2580 | D:2      | Gained mutation: Armour fits poorly on your strangely
                  | shaped body. [potion of mutation]
  2581 | D:2      | Lost mutation: Armour fits poorly on your strangely shaped
                  | body. [potion of mutation]
  2581 | D:2      | Gained mutation: Your muscles are strong. (Str +4, Int/Dex
                  | -1) [potion of mutation]
  2581 | D:2      | Gained mutation: You are resistant to electric shocks.
                  | (rElec) [potion of mutation]
  2581 | D:2      | Gained mutation: You are somewhat resistant to further
                  | mutation. [potion of mutation]
  2608 | D:3      | Identified a scroll of acquirement
  2611 | D:3      | Acquired a manual of Axes
  2625 | D:3      | Found a burning altar of Makhleb.
  3259 | D:3      | Gained mutation: A weak demonic guardian rushes to your
                  | aid. [demonic ancestry]
  3259 | D:3      | Reached XP level 5. HP: 41/41 MP: 5/5
  3266 | D:3      | Found a bloodstained altar of Trog.
  3339 | D:3      | Reached skill level 4 in Axes
  3429 | D:3      | Found a hide-covered altar of Uskayaw.
  3604 | D:3      | Reached XP level 6. HP: 43/47 MP: 6/6
  3618 | D:3      | Reached skill level 5 in Axes
  4432 | D:4      | Found a blossoming altar of Fedhas.
  4455 | D:4      | Found a sparkling altar of Nemelex Xobeh.
  4480 | D:4      | Found a basalt altar of Yredelemnul.
  4607 | D:4      | Found an opulent altar of Gozag.
  4642 | D:4      | Became a worshipper of Gozag Ym Sagoz the Greedy
  5173 | D:5      | Entered Level 5 of the Dungeon
  5304 | D:5      | Noticed Edmund
  5323 | D:5      | HP: 2/48 [Edmund/+3 flail of holy wrath (5)]
  5801 | D:5      | Reached XP level 7. HP: 30/54 MP: 7/7
  5993 | D:5      | Found a staircase to the Ecumenical Temple.
  6020 | D:5      | Reached skill level 6 in Axes
  6079 | D:5      | Found a broken altar of Ashenzari.
  6109 | D:5      | Noticed Sigmund
  6144 | D:5      | Killed Sigmund
  6918 | D:5      | Reached skill level 7 in Axes
  7235 | D:5      | Killed Edmund
  7236 | D:5      | Reached XP level 8. HP: 12/61 MP: 8/8
  7619 | D:5      | Identified the +4 scale mail "Jallin" {Dex+4}
  7745 | D:5      | Slain by a gnoll

Illustrated notes

Levels and vault maps discovered:
D:1:      moated_graveyard_arrival, layout_rooms, serial_bayou_pond_c
D:2:      layout_basic, shapermc_ecumenical_altar_venn, minmay_tetromino_i4
D:3:      cheibrodos_thug_alley, layout_loops_ring, bloody_makhleb,
          old_standard_altar, mainiacjoe_overflow_six_doors_small,
          minmay_misc_feat_square, serial_park_tiny_2, grunt_ministairs_12,
          nicolae_elevator_lobby_asterisk
D:4:      layout_loops_ring, nicolae_gozag_cash_rules_everything_around_me,
          fedhas_ov_isle_minmay, mainiacjoe_overflow_catwalk_spiral,
          chequers_serial_rivers_micro_d
D:5:      layout_basic, nicolae_ashenzari_skybound, mainiacjoe_overflow_paths,
          minmay_temple_entry_trees, uniq_sigmund, uniq_edmund
D:6:      layout_gridville, gup_sewer_entry_bowl, kennysheep_generic_room_8

Skill      XL: |  1  2  3  4  5  6  7 |
---------------+----------------------+-----
Throwing       | 2 3 4 |  4.2
Axes           | 3 4 5 7 |  7.8
Dodging        | 3 4 |  4.8
Fighting       | 3 4 |  4.8
Armour         | |  0.1

Action                   |  1- 3 |  4- 6 |  7- 9 || total
-------------------------+-------+-------+-------++-------
Melee: War axe           |   111 |   194 |    88 ||   393
       Punch             |       |     3 |     1 ||     4
Throw: Boomerang         |     7 |     8 |     3 ||    18
       Javelin           |     1 |     1 |       ||     2
       Throwing net      |       |     2 |       ||     2
       Dart              |       |       |     5 ||     5
  Use: Scroll            |     3 |     8 |     7 ||    18
       Potion            |       |     6 |     4 ||    10
 Stab: Sleeping          |       |     1 |       ||     1
Armor: Leather armour    |    45 |    46 |    27 ||   118
Dodge: Dodged            |   110 |   116 |    80 ||   306
